 Dungeon Crawl Stone Soup version 0.23-a0-207-g93a313e (webtiles) character file.

456 mandick the Fighter (level 7, -3/85 HPs)
             Began as an Ogre Hunter on Sept 24, 2018.
             Slain by an orc priest
             ... wielding a +0 falchion
              (9 damage)
             ... on level 3 of the Dungeon.
             The game lasted 00:15:55 (3435 turns).

mandick the Fighter (Ogre Hunter)                   Turns: 3435, Time: 00:15:56

Health: -3/85      AC:  4    Str: 19    XL:     7   Next: 6%
Magic:  7/7        EV: 12    Int: 12    God:
Gold:   239        SH:  0    Dex:  9    Spells: 6/6 levels left

rFire    . . .     SeeInvis .   a - +0 mace
rCold    . . .     Gourm    .   (no shield)
rNeg     . . .     Faith    .   q - +1 robe
rPois    .         Spirit   .   (helmet restricted)
rElec    .         Reflect  .   (no cloak)
rCorr    .         Harm     .   (gloves unavailable)
MR       .....                  (boots unavailable)
Stlth    +.........             (no amulet)
HPRegen  0.24/turn              (no ring)
MPRegen  0.10/turn              (no ring)

@: no status effects
A: large, unfitting armour, tough skin 1
a: no special abilities


You were on level 3 of the Dungeon.
You were not hungry.

You visited 1 branch of the dungeon, and saw 3 of its levels.

You collected 239 gold pieces.

Inventory:

Hand Weapons
 a - a +0 mace (weapon)
 b - a +2 hunting sling of flaming
Missiles
 d - 2 throwing nets (quivered)
 p - 91 stones
 r - 13 sling bullets
 v - 6 tomahawks
Armour
 q - a +1 robe (worn)
Scrolls
 e - a scroll of identify
 i - a scroll of enchant weapon
 j - a scroll of remove curse
 o - a scroll of random uselessness {unknown}
 s - a scroll of magic mapping {unknown}
 t - 2 scrolls of amnesia {unknown}
Potions
 g - 2 potions of brilliance {unknown}
 k - a potion of flight
 m - a potion of might
 w - a potion of heal wounds {unknown}
Comestibles
 f - 10 rations
 h - 3 chunks of flesh


   Skills:
 + Level 10.3 Fighting
 + Level 8.7 Throwing
 + Level 7.2 Dodging
 - Level 0.6 Stealth


You had 6 spell levels left.
You didn't know any spells.
Your spell library was empty.

Dungeon Overview and Level Annotations

Branches:
Dungeon (3/15)

Altars:


Innate Abilities, Weirdness & Mutations

You are too large for most types of armour.
You have tough skin. (AC +1)


Message History

The orc priest is almost dead.
The orc priest misses you.
The orc priest hits you with a falchion.
* * * LOW HITPOINT WARNING * * *
You barely miss the orc priest.
The orc priest is almost dead.
The orc priest misses you.
You completely miss the orc priest.
The orc priest is almost dead.
The orc priest closely misses you.
Throwing (i - inventory. (/) - cycle)
c - a large rock (quivered)
Press: ? - help, Shift-Dir - straight line, f/p - orc priest
Aim: an orc priest, wielding a falchion and wearing a ring mail (almost dead)
You throw a large rock.
The large rock closely misses the orc priest.
You hear a shout!
The orc priest hits you with a falchion.
* * * LOW HITPOINT WARNING * * *
The orc priest hits you with a falchion!
You die...

.........#
####..o...
.........#
#.........
#........#
#...oo....
#........#
#.....#
##'####.##
####.....#
#.# #.#
#(##.....#
#### #.##
#.#
#........+
..# #..#
#.#
#o##.....#
##.###
##.###.#
#@#########
#..... #
#..##.# #.#
#.#..### #
##.##.# #.#
#.#..... #
#.##.# #.#
#....... #
#..#.# #.#
###.###. #
##.#.# #.#
#.# #.
#####...##
#.# #.# #.
##.......#
#.# #.###.
##.......#
#.# #...#.


You could see an orc priest.

Vanquished Creatures
  Sigmund (D:3)
  Crazy Yiuf (D:3)
  An orc wizard (D:3)
  3 adders
  An ooze (D:3)
  A worm (D:2)
  2 dart slugs (D:3)
  A leopard gecko (D:3)
  13 orcs (D:3)
  2 ball pythons
  3 giant cockroaches
  15 goblins
  13 hobgoblins
  5 jackals
  A quokka (D:3)
  4 bats
  4 frilled lizards
  3 kobolds
  3 rats
77 creatures vanquished.

Notes
Turn   | Place    | Note
-------+----------+-------------------------------------------
     0 | D:1      | mandick the Ogre Hunter began the quest for the Orb.
     0 | D:1      | Reached XP level 1. HP: 22/22 MP: 1/1
   260 | D:1      | Reached skill level 3 in Fighting
   260 | D:1      | Reached XP level 2. HP: 26/31 MP: 2/2
  1162 | D:2      | Reached XP level 3. HP: 22/37 MP: 3/3
  1851 | D:2      | Reached XP level 4. HP: 9/48 MP: 4/4
  2542 | D:3      | Reached skill level 4 in Fighting
  2828 | D:3      | Reached XP level 5. HP: 21/55 MP: 5/5
  3112 | D:3      | Reached skill level 10 in Fighting
  3112 | D:3      | Reached XP level 6. HP: 73/78 MP: 6/6
  3190 | D:3      | Found a runed door.
  3194 | D:3      | Noticed Crazy Yiuf
  3197 | D:3      | Killed Crazy Yiuf
  3274 | D:3      | Noticed Sigmund
  3277 | D:3      | Killed Sigmund
  3277 | D:3      | Reached XP level 7. HP: 76/85 MP: 7/7
  3435 | D:3      | Slain by an orc priest

Vault maps used:
D:1:      lightli_arrival_isolated_outpost, minmay_misc_feat_nine_boxes
D:2:      cheibrodos_greedy_goblins
D:3:      first_ration, uniq_crazy_yiuf_cottage, uniq_sigmund

Skill      XL: |  1  2  3  4  5 |
---------------+----------------+-----
Dodging        | 2 3 7 |  7.2
Fighting       | 3 4 10 | 10.3
Throwing       | 8 |  8.7
Stealth        | |  0.6

Action                   |  1- 3 |  4- 6 |  7- 9 || total
-------------------------+-------+-------+-------++-------
Melee: Short sword       |    95 |       |       ||    95
       Mace              |    69 |    48 |    36 ||   153
 Fire: Hunting sling     |     6 |    18 |       ||    24
Throw: Tomahawk          |     9 |    16 |       ||    25
       Large rock        |       |     8 |     3 ||    11
       Javelin           |       |       |     5 ||     5
  Use: Scroll            |       |     7 |       ||     7
       Potion            |       |     1 |       ||     1
 Stab: Sleeping          |     1 |     1 |       ||     2
  Eat: Chunk             |     3 |     5 |       ||     8
Armor: Robe              |    55 |    12 |     8 ||    75
Dodge: Dodged            |    96 |    42 |    31 ||   169

Table legend:
 A = Non-vault XP
 B = Vault XP
 C = Vault XP percentage of total XP
 D = Non-vault monster count
 E = Vault monster count
 F = Vault count percentage of total count
                 A         B        C        D         E       F
            +---------+---------+-------+---------+---------+-------
      Total |     210 |     273 |  56.5 |      63 |      14 |  18.2
            +---------+---------+-------+---------+---------+-------
        D:1 |      30 |       0 |   0.0 |      18 |       0 |   0.0
        D:2 |      35 |      23 |  39.7 |      13 |      12 |  48.0
        D:3 |     145 |     250 |  63.3 |      32 |       2 |   5.9
            +---------+---------+-------+---------+---------+-------
